 Dungeon Crawl Stone Soup version 0.19.1-1-g22dce08 (webtiles) character file.

5198 ImaNewbie the Destroyer (level 10, -4/56 HPs)
             Began as a Deep Elf Fire Elementalist on Jan 2, 2017.
             Was a Priest of Vehumet.
             Slain by Grum (18 damage)
             ... on level 9 of the Dungeon.
             The game lasted 00:56:22 (11116 turns).

ImaNewbie the Destroyer (DEFE)                     Turns: 11116, Time: 00:56:22

Health: -4/56      AC:  8    Str:  9    XL:     10   Next: 34%
Magic:  3/22       EV: 16    Int: 23    God:    Vehumet [***...]
Gold:   371        SH:  0    Dex: 15    Spells: 6 memorised, 4 levels left

rFire  + . .     SeeInvis +     r - +1 dagger (speed)
rCold  + . .     Gourm    .     p - +0 robe of Fun and Games {rElec rC+ SInv Stlth+}
rNeg   . . .     Faith    .     (no shield)
rPois  .         Spirit   .     w - +1 helmet
rElec  +         Reflect  .     (no cloak)
rCorr  .         Harm     .     v - +2 pair of gloves {Str+3}
MR     +....                    (no boots)
Stlth  +++++.....               G - amulet of regeneration
                                (no ring)
                                j - ring of protection from fire

@: no status effects
A: rugged brown scales 1, robust 1, screaming 1
a: Renounce Religion


You were on level 9 of the Dungeon.
You worshipped Vehumet.
Vehumet was most pleased with you.
You were not hungry.

You visited 2 branches of the dungeon, and saw 10 of its levels.

You collected 371 gold pieces.

Inventory:

Hand Weapons
 a - a +0 dagger of venom
 r - a +1 dagger of speed (weapon)
 z - a +2 spear of piercing
Missiles
 i - 54 poisoned needles
Armour
 l - a +0 robe
 p - the +0 robe of Fun and Games (worn) {rElec rC+ SInv Stlth+}
   (You found it on level 5 of the Dungeon)

   It protects you from cold.
   It insulates you from electricity.
   It lets you see invisible.
   It makes you more stealthy.
 u - quicksilver dragon scales
 v - a +2 pair of gloves of strength (worn)
 w - a +1 helmet (worn)
Magical Staves
 b - an uncursed staff of energy
Jewellery
 j - a ring of protection from fire (left hand)
 G - an amulet of regeneration (around neck)
Wands
 C - a wand of flame (31/48)
Scrolls
 d - 3 scrolls of immolation
 m - 3 scrolls of recharging
 x - 2 scrolls of fear {unknown}
 y - a scroll of remove curse
 B - a scroll of magic mapping {unknown}
 D - 2 scrolls of enchant armour
 E - 2 scrolls of fog {unknown}
 F - a scroll of blinking
 H - 2 scrolls of teleportation
Potions
 e - a potion of brilliance
 f - a potion of curing
 h - 3 potions of heal wounds
 n - a potion of cancellation
 q - 4 potions of cure mutation
Books
 o - a book of Maledictions

   Spells                             Type                      Level
   a - Corona                         Hexes                        1
   b - Ensorcelled Hibernation        Hexes/Ice                    2
   c - Confuse                        Hexes                        3
   d - Tukima's Dance                 Hexes                        3
   e - Dazzling Spray                 Conjuration/Hexes            3
 t - a book of Flames

   Spells                             Type                      Level
   a - Flame Tongue                   Conjuration/Fire             1
   b - Throw Flame                    Conjuration/Fire             2
   c - Conjure Flame                  Conjuration/Fire             3
   d - Inner Flame                    Hexes/Fire                   3
   e - Sticky Flame                   Conjuration/Fire             4
   f - Fireball                       Conjuration/Fire             5
 I - a book of Debilitation

   Spells                             Type                      Level
   a - Corona                         Hexes                        1
   b - Slow                           Hexes                        2
   c - Gell's Gravitas                Hexes/Translocation          3
   d - Inner Flame                    Hexes/Fire                   3
   e - Cause Fear                     Hexes                        4
   f - Leda's Liquefaction            Hexes/Earth                  4
Comestibles
 c - 5 bread rations
 g - 4 meat rations
 k - 2 beef jerkies
 s - 2 slices of pizza
 A - 3 chunks of flesh
 J - a fruit


   Skills:
 - Level 3.4 Armour
 - Level 7.0 Dodging
 - Level 7.0 Stealth
 - Level 7.1 Spellcasting
 + Level 8.7 Conjurations
 - Level 6.0 Hexes
 + Level 8.7 Fire Magic


You had 4 spell levels left.
You knew the following spells:

 Your Spells              Type           Power        Failure   Level  Hunger
a - Flame Tongue          Conj/Fire      #####        1%          1    None
b - Tukima's Dance        Hex            #####...     1%          3    None
c - Conjure Flame         Conj/Fire      #####...     1%          3    None
d - Dazzling Spray        Conj/Hex       #####.       1%          3    None
e - Sticky Flame          Conj/Fire      #####...     1%          4    ###....
f - Fireball              Conj/Fire      #####.....   2%          5    #####..


Dungeon Overview and Level Annotations

Branches:
Dungeon (9/15)             Temple (1/1) D:5            Lair (0/6) D:8
    Orc: D:9-12

Altars:
Ashenzari
Cheibriados
Dithmenos
Elyvilon
Fedhas
Gozag
Hepliaklqana
Kikubaaqudgha
Makhleb
Nemelex Xobeh
Okawaru
Qazlal
Ru
Sif Muna
Trog
Uskayaw
Vehumet
Xom
Yredelemnul
Zin
The Shining One

Shops:
D:5 (

Annotations:
D:2 Sigmund
D:7 exclusion: downstairs
D:8 cuckmaster's ghost, novice OgBe
D:9 Grum


Innate Abilities, Weirdness & Mutations

You are partially covered in rugged brown scales. (AC +1, +3% HP)
You are robust. (+10% HP)
You occasionally shout uncontrollably at your foes.


Message History

Grum is severely wounded.
Your spear hits Grum from afar. You hit Grum but do no damage.
Grum is almost dead.
Grum hits you!
* * * LOW HITPOINT WARNING * * *
You hit Grum.
Grum is almost dead.
Grum barely misses you.
Your spear hits Grum but does no damage.
You hit Grum.
Grum is almost dead.
Grum barely misses you.
You closely miss Grum.
Grum is almost dead.
Your spear hits Grum but does no damage.
You hit Grum but do no damage.
Grum is almost dead.
Grum hits you!!
You die... ##.##############......'†. .........@g.(...........†. ##########################

You could see Grum and a friendly spear.

Vanquished Creatures
  The ghost of Gurkenglas the Thaumaturge, a novice DEWz of Elyvilon (D:7)
  Prince Ribbit (D:9)
  A hippogriff (D:8)
  3 porcupines (D:8)
  2 orc warriors (D:8)
  An ice beast (D:7)
  A phantom (D:8)
  A sky beast (D:7)
  An ogre (D:7)
  4 wolves (D:9)
  5 centaurs
  2 crocodiles (D:8)
  A big kobold (D:7)
  The ghost of cuckmaster the Firebug, an amateur OpFE (D:3)
  5 bullfrogs
  A wyvern skeleton (D:8)
  3 scorpions
  6 killer bees (D:9)
  A centaur zombie (D:6)
  3 crimson imps
  A bullfrog skeleton (D:5)
  6 hounds
  A bullfrog zombie (D:5)
  5 orc priests
  A jelly (D:7)
  2 centaur skeletons
  12 orc wizards
  10 iguanas
  5 worker ants
  A bullfrog simulacrum (D:9)
  A howler monkey zombie (D:8)
  Robin (D:4)
  A howler monkey skeleton (D:4)
  7 gnolls
  7 adders
  2 river rats (D:8)
  2 shadow imps
  A white imp (D:9)
  2 adder skeletons
  A worm (D:3)
  6 dart slugs
  A leopard gecko (D:6)
  23 orcs
  8 giant cockroaches
  22 goblins
  11 hobgoblins
  5 jackals
  9 quokkas
  A ball python (D:7)
  A ball python skeleton (D:4)
  7 bats
  A frilled lizard (D:4)
  12 kobolds
  A quokka skeleton (D:6)
  9 rats
230 creatures vanquished.

Vanquished Creatures (collateral kills)
  3 ogres
  A gnoll shaman (D:7)
  3 gnolls
  An orc (D:8)
8 creatures vanquished.

Vanquished Creatures (others)
  5 dancing weapons
  A bush (D:8)
  9 plants (D:8)
15 creatures vanquished.

Grand Total: 253 creatures vanquished

Notes
Turn   | Place    | Note
-------+----------+-------------------------------------------
     0 | D:1      | ImaNewbie the Deep Elf Fire Elementalist began the quest for the Orb.
     0 | D:1      | Reached XP level 1. HP: 10/10 MP: 6/6
   345 | D:1      | Reached XP level 2. HP: 15/15 MP: 1/8
   674 | D:1      | Reached XP level 3. HP: 11/19 MP: 7/9
  1002 | D:2      | Learned a level 3 spell: Tukima's Dance
  1043 | D:2      | Found a stormy altar of Qazlal.
  1527 | D:2      | Reached XP level 4. HP: 22/24 MP: 7/11
  1924 | D:2      | Noticed Sigmund
  2017 | D:2      | Learned a level 3 spell: Conjure Flame
  2018 | D:3      | Noticed a bullfrog
  2214 | D:3      | Noticed cuckmaster's ghost (amateur OpFE)
  2283 | D:3      | Reached skill level 5 in Fire Magic
  2354 | D:3      | Found a burning altar of Makhleb.
  2495 | D:3      | Found a glowing golden altar of the Shining One.
  2579 | D:3      | Reached skill level 1 in Hexes
  2647 | D:3      | Killed a bullfrog
  2647 | D:3      | Reached XP level 5. HP: 12/28 MP: 7/12
  3195 | D:3      | Reached skill level 5 in Hexes
  3383 | D:2      | Reached XP level 6. HP: 25/32 MP: 6/13
  4114 | D:4      | Noticed Robin
  4117 | D:4      | Killed Robin
  4568 | D:4      | Reached XP level 7. HP: 27/36 MP: 8/14
  4888 | D:4      | Reached skill level 5 in Conjurations
  4896 | D:4      | Learned a level 3 spell: Dazzling Spray
  4904 | D:4      | Found a white marble altar of Elyvilon.
  4972 | D:5      | Entered Level 5 of the Dungeon
  4972 | D:5      | Found an ancient bone altar of Kikubaaqudgha.
  4999 | D:5      | Found a staircase to the Ecumenical Temple.
  5087 | Temple   | Entered the Ecumenical Temple
  5217 | D:5      | Reached skill level 1 in Armour
  5523 | D:5      | Got an ominously black robe
  5534 | D:5      | Identified the cursed +0 robe of Fun and Games {rElec rC+ SInv Stlth+} (You found it on level 5 of the Dungeon)
  6143 | D:5      | Found Neckella's Weapon Shoppe.
  6301 | D:6      | Reached XP level 8. HP: 29/41 MP: 10/15
  6889 | D:6      | Found a radiant altar of Vehumet.
  6896 | D:6      | Became a worshipper of Vehumet
  6916 | D:6      | Reached skill level 5 in Dodging
  6916 | D:6      | Reached skill level 5 in Stealth
  7218 | D:7      | Noticed Gurkenglas's ghost (novice DEWz)
  7504 | D:7      | Learned a level 4 spell: Sticky Flame
  7572 | D:7      | Killed Gurkenglas's ghost
  7572 | D:7      | Reached XP level 9. HP: 45/45 MP: 3/17
  7585 | D:7      | Reached * piety under Vehumet
  7585 | D:7      | Offered knowledge of Sting by Vehumet.
  8637 | D:8      | Found a sacrificial altar of Ru.
  8650 | D:8      | Gained mutation: You occasionally shout uncontrollably at your foes. [potion of mutation]
  8650 | D:8      | Gained mutation: You are partially covered in rugged brown scales. (AC +1, +3% HP) [potion of mutation]
  8650 | D:8      | Gained mutation: Your muscles are strong. (Str +2) [potion of mutation]
  8651 | D:8      | Lost mutation: Your muscles are strong. (Str +2) [potion of mutation]
  8651 | D:8      | Gained mutation: You are robust. (+10% HP) [potion of mutation]
  8877 | D:8      | Reached skill level 5 in Spellcasting
  9244 | D:8      | Found a staircase to the Lair.
  9267 | D:8      | Reached ** piety under Vehumet
  9267 | D:8      | Offered knowledge of Shock by Vehumet.
  9772 | D:8      | Reached XP level 10. HP: 56/56 MP: 16/22
  9779 | D:8      | Learned a level 5 spell: Fireball
  9885 | D:8      | Found an ancient bone altar of Kikubaaqudgha.
 10014 | D:8      | Noticed cuckmaster's ghost (novice OgBe)
 10390 | D:8      | Found a snail-covered altar of Cheibriados.
 10634 | D:3      | Killed cuckmaster's ghost
 10706 | D:5      | Offered knowledge of Stone Arrow by Vehumet.
 10890 | D:9      | Noticed Prince Ribbit
 10895 | D:9      | Killed Prince Ribbit
 10943 | D:9      | Reached *** piety under Vehumet
 11047 | D:9      | Noticed Grum
 11116 | D:9      | Slain by Grum

Skill      XL: |  1  2  3  4  5  6  7  8  9 10 |
---------------+-------------------------------+-----
Stealth        | 3 6 7 |  7.0
Fire Magic     | 4 5 7 8 |  8.7
Hexes          | 3 5 6 |  6.0
Conjurations   | 4 5 7 8 |  8.7
Armour         | 3 |  3.4
Dodging        | 3 6 7 |  7.0
Spellcasting   | 4 7 |  7.1

Action                   |  1- 3 |  4- 6 |  7- 9 | 10-12 || total
-------------------------+-------+-------+-------+-------++-------
Melee: Unarmed           |     3 |       |       |       ||     3
       Dagger            |    32 |    59 |       |    26 ||   117
       Spear             |       |     8 |   279 |    78 ||   365
 Cast: Flame Tongue      |    48 |   112 |   191 |    32 ||   383
       Tukima's Dance    |       |     4 |    14 |     3 ||    21
       Conjure Flame     |       |     1 |    16 |     4 ||    21
       Dazzling Spray    |       |       |     2 |    10 ||    12
       Sticky Flame      |       |       |     1 |     5 ||     6
       Fireball          |       |       |       |     1 ||     1
Evoke: Staff of energy   |       |     1 |       |     3 ||     4
  Use: Potion            |     1 |     2 |     2 |     2 ||     7
       Scroll            |       |     6 |     4 |     2 ||    12
 Stab: Sleeping          |     1 |     1 |     2 |       ||     4
       Invisible         |       |       |     2 |       ||     2
       Distracted        |       |       |     1 |     1 ||     2
  Eat: Chunk             |     2 |     9 |    18 |     5 ||    34
Armor: Robe              |     4 |    13 |    51 |    21 ||    89
Dodge: Dodged            |    31 |    71 |   194 |   161 ||   457
